 Dungeon Crawl Stone Soup version 0.17.0-22-g5edae84 (webtiles) character file.

87595 Arkorax the Spry (level 16, -2/105 HPs)
             Began as a Halfling Berserker on Nov 12, 2015.
             Was an Elder of Trog.
             Killed from afar by a starcursed mass (10 damage)
             ... with an accursed screaming
             ... on level 1 of the Abyss.
             The game lasted 01:30:50 (30036 turns).

Arkorax the Spry (Halfling Berserker)              Turns: 30036, Time: 01:30:51

Health: -2/105     AC: 29    Str: 22      XL:     16   Next: 38%
Magic:  10/12      EV: 26    Int:  3 (6)  God:    Trog [****..]
Gold:   1472       SH:  9    Dex: 30      Spells: 0 memorised, 15 levels left

rFire  + . .     SeeInvis .     y - +6 scimitar "Haihyss" {freeze, rElec Dex+4}
rCold  + . .     Clarity  .     H - +1 plate armour
rNeg   + . .     SustAt   .     E - +0 buckler
rPois  +         Gourm    +     w - +2 helmet of the Jolly Lies {rN+ Str+4 Dex+3 Stlth-}
rElec  +         Spirit   .     j - +0 cloak
rCorr  +         Warding  .     G - +2 pair of gloves of Broken Taboos {Dex+5}
rMut   .         Stasis   .     S - +2 pair of boots {run}
MR     +....                    V - amulet of the gourmand
Stlth  ..........               X - +1 ring of protection
                                I - ring of poison resistance

@: resistant, quick, somewhat resistant to hostile enchantments, extremely
unstealthy
A: clumsy 1, frail 1, low mp 2, mutation resistance 1, slow regeneration 1
a: Berserk, Trog's Hand, Brothers in Arms, Burn Spellbooks, Renounce Religion


You were on level 1 of the Abyss.
You worshipped Trog.
Trog was greatly pleased with you.
You were not hungry.

You visited 2 branches of the dungeon, and saw 22 of its levels.
You visited the Abyss 1 time.

You collected 2016 gold pieces.
You spent 544 gold pieces at shops.

Inventory:

Hand Weapons
 q - a +4 vampiric rapier
 y - the +6 scimitar "Haihyss" (weapon) {freeze, rElec Dex+4}
   (Trog gifted it to you on level 8 of the Lair of Beasts)

   It has been specially enchanted to freeze those struck by it, causing extra
   injury to most foes and up to half again as much damage against particularly
   susceptible opponents.
   It can also slow down cold-blooded creatures.
   It affects your dexterity (+4).
   It insulates you from electricity.
Missiles
 e - 491 stones (quivered)
 l - 46 poisoned needles
Armour
 j - a +0 cloak (worn)
 w - the +2 helmet of the Jolly Lies (worn) {rN+ Str+4 Dex+3 Stlth-}
   (You found it on level 13 of the Dungeon)

   It affects your strength (+4).
   It affects your dexterity (+3).
   It protects you from negative energy.
   It makes you less stealthy.
 E - a +0 buckler (worn)
 G - the +2 pair of gloves of Broken Taboos (worn) {Dex+5}
   (You bought it in a shop on level 11 of the Dungeon)

   It affects your dexterity (+5).
 H - a +1 plate armour (worn)
 S - a +2 pair of boots of running (worn)
Jewellery
 a - an uncursed ring of see invisible
 h - a +5 ring of intelligence {unknown}
 r - an uncursed ring of sustain attributes
 B - an uncursed ring of protection from cold
 I - a ring of poison resistance (left hand)
 V - an amulet of the gourmand (around neck)
 X - a +1 ring of protection (right hand)
Wands
 m - a wand of teleportation (0)
 n - a wand of lightning (0)
 s - a wand of teleportation (2)
 v - a wand of frost (38)
 A - a wand of polymorph (6)
 J - a wand of hasting (1)
Scrolls
 b - 9 scrolls of remove curse
 d - 4 scrolls of immolation
 f - a scroll of teleportation
 k - 2 scrolls of enchant weapon
 p - 6 scrolls of fog
 u - 3 scrolls of magic mapping
 D - 3 scrolls of fear
 N - a scroll of identify
 O - a scroll of blinking
 T - 7 scrolls of enchant armour
Potions
 t - 2 potions of agility
 x - a potion of invisibility {unknown}
 C - 7 potions of curing
 K - 2 potions of resistance
 L - 2 potions of might {unknown}
 M - a potion of lignification {unknown}
 P - a potion of beneficial mutation {unknown}
 U - a potion of cure mutation {unknown}
 W - 2 potions of cancellation {unknown}
 Z - a potion of ambrosia
Miscellaneous
 z - a fan of gales
 R - a phantom mirror
Comestibles
 c - 2 bread rations
 i - 7 fruits
 o - 4 beef jerkies
 F - 2 slices of pizza
 Q - 4 meat rations
 Y - a royal jelly


   Skills:
 * Level 13.5 Fighting
 - Level 5.9(10.1) Short Blades
 - Level 9.9(10.3) Long Blades
   Level 6.4 Maces & Flails
 - Level 11.6 Armour
 * Level 17.0 Dodging
 - Level 6.0 Shields


You had 15 spell levels left.
You didn't know any spells.

Dungeon Overview and Level Annotations

Branches:
Dungeon (14/15)            Temple (0/1) D:5            Lair (8/8) D:9
 Shoals (0/4) Lair:4        Snake (0/4) Lair:4        Slime (0/6) Lair:6
    Orc (0/4) D:9          Vaults (0/5) D:13

Altars:
Ashenzari
Dithmenos
Elyvilon
Gozag
Kikubaaqudgha
Makhleb
Okawaru
Qazlal
Ru
Trog
Vehumet
Zin

Shops:
D:5 :   D:11 [


Innate Abilities, Weirdness & Mutations

You are small and have problems with some larger weapons.
You are somewhat resistant to further mutation.
[You are clumsy. (Dex -2)]
[You are frail (-10% HP).]
[Your magical capacity is very low (-20% MP).]
[You regenerate slowly when monsters are visible.]


Message History

You block the Executioner's attack. The balrug closely misses you.
You block the Executioner's attack. x2
The Executioner completely misses you. The balrug barely misses you.
You hit the Executioner.
The Executioner is heavily wounded.
You block the Executioner's attack.
The Executioner hits you but does no damage. x2
You block the Executioner's attack. x2
The Executioner closely misses you. You block the Executioner's attack.
The Executioner misses you.
The Executioner hits you but does no damage.
The balrug completely misses you.
You barely miss the Executioner.
The Executioner is heavily wounded.
The Executioner misses you. The Executioner closely misses you.
You block the Executioner's attack. The Executioner hits you!
* * * LOW HITPOINT WARNING * * *
The Executioner hits you but does no damage. x2
A chorus of shrieks assaults your mind.
You die...

.. ..♣_♣♣ #
.#♣♣.... .. .
.♣♣.♣♣ ..
.......♣ ♣..
♣♣♣.#♣..♣♣ .
♣...x#...♣## #
♣#X.*Xx... ..#
♣
#x1#2X##.......
#.#@###.##.#8..
##### ##. (# ##
##.# ....###
....#..§§ # ...
.. . §§§ . .. .
.##X§§ #
..##..#
##§§§... . ###
#§§§.#. #. ..


You could see 3 starcursed masses, a balrug, a wretched star, an Executioner and
3 small abominations.

Vanquished Creatures
  A vault guard (D:13)
  The ghost of Garrluk the Eclecticist, a journeyman SpVM of Vehumet (D:13)
  An ice dragon (Lair:4)
  3 hydras
  A centaur warrior (D:14)
  The ghost of Kloppie the Fighter, a journeyman VSFi of Cheibriados (D:10)
  A death yak (Lair:8)
  A tengu warrior (D:13)
  A sun demon (Abyss:1)
  A wretched star (Abyss:1)
  5 large abominations (Abyss:1)
  2 hell knights (D:14)
  2 spatial maelstroms (Abyss:1)
  7 hill giants
  2 wizards (D:13)
  A lindwurm (Lair:7)
  An anaconda skeleton (Abyss:1)
  A necromancer (D:13)
  2 griffons
  3 ugly things
  A sixfirhy (Abyss:1)
  2 sirens (Lair:4)
  An orange demon (Abyss:1)
  A centaur zombie (D:10)
  9 elephants
  A rust devil (Abyss:1)
  Joseph (D:9)
  A stone giant skeleton (Abyss:1)
  2 smoke demons (Abyss:1)
  Psyche (D:11)
  A yaktaur (D:13)
  A spiny frog (shapeshifter) (D:13)
  11 spiny frogs
  2 gargoyles
  10 black mambas
  3 ancient zymes (Abyss:1)
  A catoblepas skeleton (Abyss:1)
  3 komodo dragons
  A freezing wraith (D:14)
  5 trolls
  A fire drake (Lair:7)
  A hydra zombie (Abyss:1)
  A hellwing (Abyss:1)
  A spriggan druid (Lair:8)
  A merfolk (Lair:4)
  A two-headed ogre (D:13)
  5 polar bears (Lair:8)
  Grinder (D:4)
  3 slime creatures (Lair:6)
  A raiju (Abyss:1)
  3 flying skulls (Abyss:1)
  2 deep elf magi
  3 vampire mosquitoes (D:13)
  8 redbacks (Lair:8)
  5 wraiths
  15 spriggans
  18 blink frogs
  2 ynoxinuls (Abyss:1)
  18 humans (D:13)
  A vampire (Abyss:1)
  40 yaks
  4 hungry ghosts
  2 wyverns
  3 basilisks
  37 wolves
  A steam dragon (Lair:5)
  A neqoxec (Abyss:1)
  6 hippogriffs
  2 nagas (Lair:4)
  2 soldier ants (D:13)
  2 spatial vortices (Abyss:1)
  2 swamp drakes
  11 porcupines
  16 water moccasins
  4 phantoms
  4 sky beasts
  A swamp dragon zombie (Abyss:1)
  4 black bears
  2 necrophages
  4 ice beasts
  An ogre (D:8)
  8 hell hounds
  2 orc warriors
  An eye of draining (D:13)
  5 wasps
  8 crocodiles
  2 big kobolds
  18 centaurs
  A wyvern zombie (D:9)
  26 giant frogs
  3 scorpions
  A water moccasin skeleton (D:7)
  15 killer bees
  A wyvern skeleton (D:11)
  2 vampire bats (D:5)
  3 electric eels
  10 hounds
  12 orc wizards
  4 crimson imps
  2 giant frog zombies
  A centaur skeleton (D:12)
  3 jellies
  4 orc priests
  A wasp zombie (D:13)
  2 gnoll shamans
  2 giant frog skeletons
  9 iguanas
  4 worker ants
  A human skeleton (Abyss:1)
  A killer bee zombie (D:9)
  20 sheep
  4 small abominations (Abyss:1)
  2 hound zombies (D:7)
  2 worker ant zombies
  Robin (D:4)
  13 gnolls
  55 river rats
  13 adders
  3 shadow imps
  An ufetubus (Abyss:1)
  An adder zombie (D:6)
  2 adder skeletons
  5 worms
  10 giant geckos
  38 orcs
  2 ball pythons
  7 bats
  3 bat skeletons (D:5)
  2 bat zombies (D:5)
  7 giant cockroaches
  19 hobgoblins
  23 jackals
  3 quokkas
  A giant cockroach zombie (D:6)
  2 giant newts
  13 goblins
  14 kobolds
  A quokka zombie (D:9)
  14 rats
  A plant (Lair:2)
770 creatures vanquished.

Vanquished Creatures (collateral kills)
  Snorg (Lair:5)
  4 hydras
  A catoblepas (Lair:6)
  9 death yaks
  A hill giant (D:10)
  A manticore (D:14)
  9 elephants
  2 torpor snails
  2 komodo dragons
  A polar bear (Lair:8)
  6 blink frogs
  6 yaks
  A hippogriff (Lair:3)
  A phantom (D:14)
  3 giant frogs
  A scorpion (D:10)
  An iguana (D:9)
  An orc wizard (D:11)
  An adder (D:10)
  3 white imps (Lair:4)
  A giant gecko (D:9)
  An orc (D:11)
  A jackal (D:10)
58 creatures vanquished.

Vanquished Creatures (others)
  2 bushes (Lair:8)
  35 fungi
  39 plants
  28 starspawn tentacles (Abyss:1)
  480 starspawn tentacle segments (Abyss:1)
584 creatures vanquished.

Grand Total: 1412 creatures vanquished

Notes
Turn   | Place    | Note
--------------------------------------------------------------
     0 | D:1      | Arkorax the Halfling Berserker began the quest for the Orb.
     0 | D:1      | Reached XP level 1. HP: 15/15 MP: 1/1
   191 | D:1      | Reached XP level 2. HP: 20/20 MP: 2/2
   379 | D:1      | Reached ** piety under Trog
   574 | D:1      | Reached XP level 3. HP: 23/26 MP: 3/3
  1123 | D:2      | Reached XP level 4. HP: 31/31 MP: 4/4
  1214 | D:2      | Found a glowing silver altar of Zin.
  1966 | D:2      | Reached *** piety under Trog
  1967 | D:2      | Found an iron altar of Okawaru.
  1972 | D:2      | Reached skill level 4 in Dodging
  1972 | D:2      | Reached XP level 5. HP: 17/37 MP: 5/5
  2415 | D:3      | Found an opulent altar of Gozag.
  3629 | D:4      | Noticed Grinder
  3643 | D:4      | Paralysed by Grinder for 2 turns
  3657 | D:4      | Killed Grinder
  3657 | D:4      | Reached skill level 6 in Dodging
  3657 | D:4      | Reached XP level 6. HP: 10/43 MP: 6/6
  4010 | D:4      | Reached XP level 7. HP: 48/48 MP: 7/7
  4308 | D:4      | Noticed a phantom
  4386 | D:4      | Killed a phantom
  4745 | D:4      | Noticed Robin
  4758 | D:4      | Killed Robin
  4761 | D:4      | Reached **** piety under Trog
  4890 | D:4      | Reached skill level 1 in Shields
  5105 | D:4      | Reached XP level 8. HP: 44/54 MP: 8/8
  5178 | D:5      | Entered Level 5 of the Dungeon
  5273 | D:5      | Found Buismimu's Book Shop.
  5960 | D:5      | Reached skill level 5 in Shields
  6037 | D:5      | Found a staircase to the Ecumenical Temple.
  6174 | D:5      | Found an ancient bone altar of Kikubaaqudgha.
  6336 | D:5      | Reached skill level 7 in Dodging
  6346 | D:5      | Reached skill level 5 in Fighting
  6568 | D:6      | Got a colourful robe
  6579 | D:6      | Identified the cursed +1 robe "Weoc" {Slay+6} (You found it on level 6 of the Dungeon)
  7530 | D:6      | Found an iron altar of Okawaru.
  7532 | D:6      | Found a shattered altar of Ashenzari.
  7541 | D:6      | Reached XP level 9. HP: 50/61 MP: 9/9
  7619 | D:6      | Reached ***** piety under Trog
  7656 | D:6      | Reached skill level 8 in Dodging
  7778 | D:6      | Found a stormy altar of Qazlal.
  7779 | D:6      | Noticed an air elemental
  7829 | D:6      | Reached skill level 1 in Maces & Flails
  7904 | D:6      | Received a gift from Trog
  8208 | D:7      | Reached skill level 9 in Dodging
  8709 | D:7      | Reached skill level 10 in Dodging
  8881 | D:7      | Reached XP level 10. HP: 68/68 MP: 10/10
  8931 | D:7      | Found a shadowy altar of Dithmenos.
  8942 | D:7      | Found a bloodstained altar of Trog.
  9453 | D:8      | Noticed a hill giant
  9468 | D:8      | Killed a hill giant
  9468 | D:8      | Reached skill level 11 in Dodging
  9471 | D:8      | Received a gift from Trog
  9474 | D:8      | Got a scorched hand axe {god gift}
  9475 | D:8      | Identified the +2 hand axe "Pagraobi" {freeze, rF- Str+3 Dex+11} (Trog gifted it to you on level 8 of the Dungeon)
  9812 | D:8      | Found a radiant altar of Vehumet.
  9910 | D:8      | Found a sacrificial altar of Ru.
  9961 | D:9      | Found a staircase to the Orcish Mines.
 10157 | D:9      | Found a staircase to the Lair.
 10301 | D:9      | Reached skill level 12 in Dodging
 10400 | D:9      | Reached XP level 11. HP: 72/72 MP: 11/11
 10436 | D:9      | Noticed Joseph
 10454 | D:9      | Killed Joseph
 10533 | D:9      | Found a burning altar of Makhleb.
 10703 | D:9      | Found a white marble altar of Elyvilon.
 11073 | D:10     | Entered Level 10 of the Dungeon
 11151 | D:10     | Noticed a hill giant
 11157 | D:10     | Killed a hill giant
 11249 | D:10     | Reached skill level 5 in Armour
 11284 | D:10     | Identified a scroll of acquirement
 11315 | D:9      | Identified a +2 pair of boots of running (You acquired it on level 9 of the Dungeon)
 11387 | Lair:1   | Entered Level 1 of the Lair of Beasts
 11904 | Lair:1   | Reached skill level 13 in Dodging
 13004 | Lair:2   | Reached XP level 12. HP: 71/82 MP: 12/12
 13115 | Lair:3   | Noticed a six-headed hydra
 13118 | Lair:3   | Killed a seven-headed hydra
 13477 | Lair:3   | Noticed a seven-headed hydra
 13483 | Lair:3   | Killed a seven-headed hydra
 13491 | Lair:3   | Noticed a death yak
 13492 | Lair:3   | Noticed a death yak
 13495 | Lair:3   | Killed a death yak
 13495 | Lair:3   | Reached skill level 14 in Dodging
 13496 | Lair:3   | Noticed a death yak
 13499 | Lair:3   | Killed a death yak
 13502 | Lair:3   | Killed a death yak
 14927 | Lair:4   | Reached XP level 13. HP: 77/90 MP: 13/13
 15056 | Lair:4   | Received a gift from Trog
 15069 | Lair:4   | Reached skill level 10 in Armour
 15411 | Lair:4   | Found a staircase to the Shoals.
 15469 | Lair:4   | HP: 5/138 [electric eel/bolt of electricity (12)]
 15994 | Lair:4   | Found a staircase to the Snake Pit.
 16712 | Lair:4   | Noticed an ice dragon
 16824 | Lair:4   | Killed an ice dragon
 16824 | Lair:4   | Reached skill level 10 in Fighting
 17374 | Lair:5   | Noticed Snorg
 17382 | Lair:5   | Killed Snorg
 18340 | Lair:6   | Found a staircase to the Slime Pits.
 18515 | Lair:6   | Reached skill level 5 in Maces & Flails
 19264 | Lair:7   | Received a gift from Trog
 19321 | Lair:7   | Reached XP level 14. HP: 88/101 MP: 14/14
 20054 | Lair:8   | Entered Level 8 of the Lair of Beasts
 20269 | Lair:8   | Reached skill level 15 in Dodging
 20557 | Lair:8   | Received a gift from Trog
 21396 | Lair:8   | Paralysed by a wasp for 2 turns
 21408 | Lair:8   | Reached skill level 1 in Short Blades
 21871 | Lair:8   | Upgraded the game from 0.17.0-19-gb37c632 to 0.17.0-22-g5edae84
 22091 | Lair:8   | Received a gift from Trog
 22417 | Lair:8   | Reached skill level 5 in Short Blades
 22596 | Lair:8   | Reached skill level 16 in Dodging
 22767 | Lair:8   | Received a gift from Trog
 22779 | Lair:8   | Reached XP level 15. HP: 103/109 MP: 15/15
 22846 | Lair:8   | Got a steaming scimitar {god gift}
 22849 | Lair:8   | Identified the +6 scimitar "Haihyss" {freeze, rElec Dex+4} (Trog gifted it to you on level 8 of the Lair of Beasts)
 23971 | D:10     | Noticed Kloppie's ghost (journeyman VSFi)
 23980 | D:10     | Killed Kloppie's ghost
 24134 | D:10     | Noticed a hill giant
 24142 | D:10     | Killed a hill giant
 24491 | D:11     | Reached skill level 5 in Long Blades
 24937 | D:11     | Noticed Psyche
 25029 | D:11     | Found Ecle's Armour Shoppe.
 25044 | D:11     | Bought the +2 pair of gloves of Broken Taboos {Dex+5} for 544 gold pieces
 25319 | D:11     | Killed Psyche
 25856 | D:12     | Received a gift from Trog
 26316 | D:13     | Noticed Garrluk's ghost (journeyman SpVM)
 26324 | D:13     | Killed Garrluk's ghost
 26607 | D:13     | You fall through a shaft!
 28009 | D:13     | Got an encrusted helmet
 28020 | D:13     | Identified the +2 helmet of the Jolly Lies {rN+ Str+4 Dex+3 Stlth-} (You found it on level 13 of the Dungeon)
 28156 | D:13     | Reached XP level 16. HP: 116/116 MP: 8/16
 28208 | D:13     | Found a gate to the Vaults.
 28236 | D:13     | Cast into the Abyss (a wizard)
 28409 | Abyss:1  | Noticed a tentacled starspawn
 28481 | Abyss:1  | Noticed a bone dragon
 28572 | Abyss:1  | Noticed a tentacled starspawn
 29020 | Abyss:1  | Noticed a tentacled starspawn
 29106 | Abyss:1  | Noticed a tentacled starspawn
 29177 | Abyss:1  | Noticed an ancient lich
 29198 | Abyss:1  | Noticed a tentacled starspawn
 29198 | Abyss:1  | Paralysed by a giant eyeball for 2 turns
 29377 | Abyss:1  | Reached skill level 17 in Dodging
 29678 | Abyss:1  | Noticed a tentacled starspawn
 29967 | Abyss:1  | Noticed a tentacled starspawn
 30000 | Abyss:1  | Noticed an Executioner
 30018 | Abyss:1  | Found a corrupted altar of Lugonu.
 30036 | Abyss:1  | Killed from afar by a starcursed mass

Action                   |  1- 3 |  4- 6 |  7- 9 | 10-12 | 13-15 | 16-18 || total
-------------------------+-------+-------+-------+-------+-------+-------++-------
Melee: Falchion          |   141 |   165 |       |       |       |       ||   306
       Dagger            |       |    26 |   441 |       |       |       ||   467
       Whip              |       |       |   110 |   768 |  1009 |       ||  1887
       Rapier            |       |       |       |       |   566 |       ||   566
       Scimitar          |       |       |       |       |   602 |   370 ||   972
Invok: Berserk           |       |     3 |     4 |     3 |    14 |       ||    24
       Trog's Hand       |       |       |     1 |     1 |     2 |     5 ||     9
       Brothers in Arms  |       |       |       |     7 |    15 |       ||    22
       Burn Spellbooks   |       |       |       |     1 |     3 |     1 ||     5
Evoke: Wand              |       |       |     4 |     2 |    11 |    11 ||    28
  Use: Scroll            |       |     1 |     1 |    14 |    26 |     7 ||    49
       Potion            |       |     4 |       |     2 |     4 |     8 ||    18
 Stab: Sleeping          |       |       |     3 |       |       |       ||     3
       Distracted        |       |       |       |       |     2 |       ||     2
  Eat: Chunk             |       |     5 |       |     5 |    12 |       ||    22
       Bread ration      |       |     2 |     4 |     2 |     3 |       ||    11
       Meat ration       |       |       |     1 |     1 |     7 |     2 ||    11
       Fruit             |       |       |       |     8 |     6 |       ||    14
       Beef jerky        |       |       |       |       |     1 |       ||     1
